 Dungeon Crawl Stone Soup version 0.22-a0-410-g97be04f (webtiles) character file.

91832 4thArraOfDagon the Thaumaturge (level 15, -1/105 HPs)
             Began as a Mummy Fire Elementalist on May 11, 2018.
             Was a High Priest of Sif Muna.
             Slain by a wolf spider (15 damage)
             ... on level 4 of the Lair of Beasts.
             The game lasted 01:23:40 (18862 turns).

4thArraOfDagon the Thaumaturge (MuFE)              Turns: 18862, Time: 01:23:41

Health: -1/105     AC: 17    Str: 17    XL:     15   Next: 56%
Magic:  29/41      EV: 15    Int: 19    God:    Sif Muna [*****.]
Gold:   1464       SH:  0    Dex: 13    Spells: 15/40 levels left

rFire    + + .     SeeInvis +   t - staff of fire
rCold    + . .     Gourm    .   (no shield)
rNeg     + + +     Faith    .   L - +3 scale mail of Raeqegro {rElec rF+ Str+4 Slay+2}
rPois    ∞         Spirit   .   p - +1 hat {SInv}
rElec    +         Reflect  .   H - +2 cloak {rF+}
rCorr    .         Harm     .   (no gloves)
MR       +....                  Q - +1 pair of boots
Stlth    ..........             (no amulet)
HPRegen  0.27/turn              b - +3 ring of evasion
MPRegen  0.27/turn              G - ring of magical power

@: confused, divine energy
A: no food or potions, fire vulnerability, cold resistance 1, negative energy
resistance 3, torment resistance, unbreathing, in touch with death 1
a: Stop Divine Energy, Channel Magic, Forget Spell, Renounce Religion


You were on level 4 of the Lair of Beasts.
You worshipped Sif Muna.
Sif Muna was extremely pleased with you.
You were not hungry.

You visited 4 branches of the dungeon, and saw 24 of its levels.
You visited 1 bazaar.
You also visited: Labyrinth and Volcano.

You collected 1904 gold pieces.
You spent 440 gold pieces at shops.

Inventory:

Hand Weapons
 c - a +0 spear
 d - a +0 glaive
 g - the +10 quarterstaff "Bisk" {pain, rF+ Stlth+}
   (You found it on level 5 of the Dungeon)

   In the hands of one skilled in necromantic magic, it inflicts extra damage on
   living creatures.
   It protects you from fire.
   It makes you more stealthy.
 h - a +0 demon trident of flaming
 J - the +5 flail "Novelo" {speed, Int+3}
   (You found it on level 1 of the Lair of Beasts)

   Attacks with this weapon are significantly faster.
   It affects your intelligence (+3).
Missiles
 y - a throwing net (quivered)
 I - 5 tomahawks of dispersal
Armour
 p - a +1 hat of see invisible (worn)
 B - a +0 troll leather armour
 F - a +1 robe of cold resistance
 H - a +2 cloak of fire resistance (worn)
 L - the +3 scale mail of Raeqegro (worn) {rElec rF+ Str+4 Slay+2}
   (You found it in a labyrinth)

   It affects your strength (+4).
   It affects your accuracy and damage with ranged weapons and melee attacks
   (+2).
   It protects you from fire.
   It insulates you from electricity.
 Q - a +1 pair of boots (worn)
Magical Staves
 f - an uncursed staff of cold
 t - an uncursed staff of fire (weapon)
 M - an uncursed staff of wizardry {!a}
Jewellery
 b - a +3 ring of evasion (left hand)
 u - an uncursed ring of protection from fire
 C - an uncursed ring of protection from fire
 E - an uncursed ring of ice
 G - a ring of magical power (right hand)
Wands
 i - a wand of acid (26)
 l - a wand of iceblast (38)
 q - a wand of enslavement (14)
 s - a wand of flame (64)
 z - a wand of polymorph (49)
 A - a wand of scattershot (4)
 N - a wand of digging (17)
Scrolls
 a - 2 scrolls of identify
 e - 10 scrolls of remove curse
 j - 3 scrolls of amnesia
 k - 2 scrolls of vulnerability
 m - a scroll of noise
 n - 4 scrolls of immolation
 o - a scroll of enchant weapon
 r - 5 scrolls of teleportation
 v - 2 scrolls of fog
 w - a scroll of holy word
 x - 2 scrolls of blinking
 K - a scroll of brand weapon
 O - a scroll of enchant armour


   Skills:
 - Level 6.0 Fighting
 - Level 6.0 Armour
 - Level 6.0 Dodging
 - Level 1.5 Stealth
 + Level 13.2 Spellcasting
 * Level 13.1 Conjurations
 - Level 6.0 Necromancy
 - Level 11.0 Fire Magic
 + Level 9.5 Invocations


You had 15 spell levels left.
You knew the following spells:

 Your Spells              Type           Power        Failure   Level  Hunger
a - Flame Tongue          Conj/Fire      #####        1%          1    N/A
b - Conjure Flame         Conj/Fire      ######..     1%          3    N/A
c - Sticky Flame          Conj/Fire      ######..     1%          4    N/A
d - Fireball              Conj/Fire      ######....   3%          5    N/A
e - Apportation           Tloc           ##....       16%         1    N/A
f - Vampiric Draining     Necr           ######....   4%          3    N/A
g - Bolt of Fire          Conj/Fire      ######....   17%         6    N/A
h - Blink                 Tloc           N/A          24%         2    N/A

Dungeon Overview and Level Annotations

Branches:
Dungeon (15/15)            Temple (0/1) D:4            Lair (6/6) D:10
  Swamp (0/4) Lair:3       Spider (1/4) Lair:4        Slime (0/5) Lair:6
    Orc (2/2) D:11            Elf (0/3) Orc:2        Depths (0/5) D:15
 Vaults: D:13-14

Altars:
Ashenzari
Cheibriados
Elyvilon
Kikubaaqudgha
Nemelex Xobeh
Okawaru
Ru
Sif Muna
Trog
Uskayaw
Xom
The Shining One
Beogh
Jiyva

Shops:
D:4 %   D:9 (   D:12 ?   D:15 [   Orc:1 *   Orc:2 =(!(}

Annotations:
D:2 Sigmund
Lair:5 Uberwunderbarhen's ghost, journeyman TrMo


Innate Abilities, Weirdness & Mutations

You do not eat or drink.
Your flesh is vulnerable to fire.
You are immune to poison.
Your flesh is cold resistant. (rC+)
You are immune to negative energy. (rN+++)
You are immune to unholy pain and torment.
You can survive without breathing.
You are in touch with the powers of death.


Message History

Unknown command.
Unknown command.
Unknown command.
You are caught in the web!
The wolf spider barely misses you. The wolf spider bites you.
The emperor scorpion stings you.
The emperor scorpion claws you but does no damage. x2
There is a web here.
Unknown command.
Unknown command.
Unknown command.
You disentangle yourself.
The tarantella bites you. The wolf spider closely misses you.
The wolf spider barely misses you. The emperor scorpion stings you!
* * * LOW HITPOINT WARNING * * *
The emperor scorpion claws you but does no damage.
The emperor scorpion claws you.
* * * LOW HITPOINT WARNING * * *
The tarantella bites you but does no damage.
The wolf spider hits you!
You die...

# ##.####....# ###.....+....
###...###....## #P...........
..#.........PP#. .........##....
........#.............#....##.#P.
..#....##....P..##...##....##.##.
.#..#.###......#..#..##..........
.....#.........####.##...........
...........##..#.....^...........
...........#.#.#@s# ^#..[........
............^#.#ss#..#...........
.###........^..#^^.# ............
.#P##.#.....#....^.##............
............^#.^####.# .....#....
....(..P.....##..#...##..########
.#...........#.#^^#..##...#......
.......#.....###....# ...#.......
.#..###......##.##..# #..##......


You could see an emperor scorpion, a wolf spider and a tarantella.

Vanquished Creatures
  A stone giant (Orc:2)
  Snorg (D:10)
  Josephine (Lair:6)
  8 hydras
  Erolcha (D:10)
  Fannar (D:10)
  A death knight (D:15)
  9 two-headed ogres
  2 centaur warriors
  A tengu warrior (D:14)
  An alligator (Lair:6)
  A vampire mage (D:15)
  A queen ant (Lair:2)
  3 orc high priests (Orc:2)
  A titan zombie (D:15)
  Nergalle (D:10)
  A fire crab (Lair:6)
  A skeletal warrior (D:15)
  3 unseen horrors
  6 orc knights
  A wolf spider zombie (D:15)
  7 ugly things
  A necromancer (D:15)
  A wolf spider (Lair:4)
  3 cyclopes
  3 manticores (D:15)
  5 orc sorcerers (Orc:2)
  13 elephants
  A stone giant skeleton (D:15)
  Joseph (D:7)
  2 centaur zombies
  3 black mambas
  6 spiny frogs
  A torpor snail (Lair:6)
  3 gargoyles
  4 kobold demonologists
  A centaur skeleton (D:15)
  7 komodo dragons
  4 yaktaurs (D:15)
  2 rime drakes
  A guardian mummy (D:15)
  2 tengu conjurers (D:15)
  4 trolls
  9 polar bears (Lair:6)
  2 raiju (Lair:6)
  An ice dragon zombie (D:15)
  Prince Ribbit (D:9)
  10 dream sheep (Lair:5)
  3 slime creatures (D:14)
  17 blink frogs
  A harpy skeleton (D:13)
  8 hippogriffs
  A shadow (D:14)
  4 tarantellas (Spider:1)
  41 yaks
  5 wraiths
  6 wyverns
  2 hungry ghosts
  4 basilisks
  6 wargs
  An acid dragon (shapeshifter) (D:15)
  An acid dragon (D:13)
  15 hell hounds (Lair:6)
  6 soldier ants
  17 water moccasins
  9 porcupines
  28 orc warriors
  2 ice beasts
  4 sky beasts
  13 black bears
  5 phantoms
  9 ogres
  4 necrophages (D:10)
  16 centaurs
  5 boggarts (D:10)
  17 wolves
  12 crocodiles
  Blork the orc (D:7)
  23 big kobolds
  14 bullfrogs
  A yaktaur skeleton (D:15)
  A hornet simulacrum (D:15)
  3 scorpions
  4 killer bees (D:12)
  6 wights
  4 howler monkeys
  8 crimson imps
  3 bullfrog zombies
  5 hounds
  2 quasits
  16 orc priests
  23 orc wizards
  4 iguanas
  29 worker ants
  2 hell rats (Lair:4)
  A hound zombie (D:7)
  2 hound skeletons (D:5)
  3 worker ant zombies
  A gnoll (D:3)
  7 adders
  7 river rats (Lair:4)
  3 shadow imps
  An ooze (D:6)
  3 worms
  3 dart slugs
  4 leopard geckos
  76 orcs
  4 giant cockroaches
  6 goblins
  7 hobgoblins
  8 jackals
  8 quokkas
  3 frilled lizards
  3 jackal zombies
  33 kobolds
  A quokka skeleton (D:3)
  A quokka zombie (D:5)
  8 rats
  2 plants (Lair:6)
750 creatures vanquished.

Vanquished Creatures (collateral kills)
  A crimson imp (D:7)
1 creature vanquished.

Vanquished Creatures (others)
  An orc priest (Orc:2)
  A fire vortex (D:10)
  27 fungi
  22 plants
  4 withered plants (D:15)
55 creatures vanquished.

Grand Total: 806 creatures vanquished

Notes
Turn   | Place    | Note
-------+----------+-------------------------------------------
     0 | D:1      | 4thArraOfDagon the Mummy Fire Elementalist began the quest for the Orb.
     0 | D:1      | Reached XP level 1. HP: 13/13 MP: 4/4
   156 | D:1      | Reached skill level 1 in Conjurations
   383 | D:2      | Noticed Sigmund
   400 | D:2      | Reached XP level 2. HP: 19/19 MP: 1/5
   439 | D:2      | Found a faded altar of an unknown god.
   659 | D:4      | Reached XP level 3. HP: 24/24 MP: 3/7
   664 | D:4      | Learned a level 3 spell: Conjure Flame
   756 | D:4      | HP: 1/24 [hound (1)]
   760 | D:4      | Reached XP level 4. HP: 2/30 MP: 0/9
  1133 | D:4      | Learned a level 4 spell: Sticky Flame
  1142 | D:4      | Noticed a phantom
  1150 | D:5      | Entered Level 5 of the Dungeon
  1184 | D:5      | Noticed a sky beast
  1187 | D:5      | Noticed a big kobold
  1193 | D:5      | Killed a sky beast
  1193 | D:5      | Reached XP level 5. HP: 16/35 MP: 5/10
  1231 | D:4      | Noticed a dagger
  1231 | D:4      | Noticed a hand axe
  1305 | D:5      | Reached XP level 6. HP: 21/41 MP: 5/12
  1346 | D:5      | Learned a level 5 spell: Fireball
  1435 | D:5      | Found a bloodstained altar of Trog.
  1661 | D:5      | Got a warped quarterstaff
  1662 | D:5      | Identified the +10 quarterstaff "Bisk" {pain, rF+ Stlth+} (You found it on level 5 of the Dungeon)
  1990 | D:7      | Reached XP level 7. HP: 41/46 MP: 3/14
  2077 | D:7      | Found a shattered altar of Ashenzari.
  2098 | D:8      | Noticed a wyvern
  2195 | D:7      | Found a shimmering altar of Xom.
  2213 | D:7      | Reached skill level 5 in Spellcasting
  2236 | D:7      | Found a white marble altar of Elyvilon.
  2236 | D:7      | Found a sacrificial altar of Ru.
  2275 | D:7      | Found a sparkling altar of Nemelex Xobeh.
  2275 | D:7      | Found a glowing golden altar of the Shining One.
  2320 | D:7      | Noticed Joseph
  2328 | D:7      | Killed Joseph
  2328 | D:7      | Reached skill level 5 in Fire Magic
  2413 | D:7      | Reached XP level 8. HP: 35/52 MP: 4/16
  2433 | D:7      | Reached skill level 5 in Conjurations
  2537 | D:7      | Noticed Blork the orc
  2553 | D:7      | Killed Blork the orc
  2558 | D:7      | Found a deep blue altar of Sif Muna.
  2566 | D:7      | Became a worshipper of Sif Muna the Loreminder
  2849 | D:6      | Got an encrusted dagger
  2850 | D:6      | Identified the +9 dagger of the Fool {pierce, Str+2} (You found it on level 6 of the Dungeon)
  3576 | D:4      | Found a snail-covered altar of Cheibriados.
  3583 | D:4      | Reached * piety under Sif Muna
  3583 | D:4      | Reached skill level 1 in Invocations
  3589 | D:4      | Found Rets's Food Shop.
  3612 | D:4      | Found a hide-covered altar of Uskayaw.
  3710 | D:4      | Found a staircase to the Ecumenical Temple.
  3782 | D:3      | Found an iron altar of Okawaru.
  4460 | D:4      | Reached XP level 9. HP: 43/57 MP: 11/19
  4909 | D:8      | Noticed a two-headed ogre
  4926 | D:8      | Killed a two-headed ogre
  4926 | D:8      | Reached skill level 1 in Fighting
  4926 | D:8      | Reached skill level 1 in Armour
  4943 | D:8      | Reached ** piety under Sif Muna
  4956 | D:8      | HP: 3/61 [hound (4)]
  5641 | D:9      | Found an ancient bone altar of Kikubaaqudgha.
  5670 | D:9      | Got an ivory rapier
  5695 | D:9      | Identified the +4 rapier "Wohoelu" {protect, Str+4} (You found it on level 9 of the Dungeon)
  5753 | D:9      | Reached XP level 10. HP: 57/68 MP: 5/21
  5946 | D:9      | Found Musosch's Antique Weapon Shoppe.
  6100 | D:9      | Noticed Prince Ribbit
  6110 | D:9      | Killed Prince Ribbit
  6239 | D:9      | Learned a level 1 spell: Apportation
  6243 | D:9      | Learned a level 3 spell: Vampiric Draining
  6264 | D:10     | Entered Level 10 of the Dungeon
  6264 | D:10     | Noticed Snorg
  6397 | D:10     | Noticed a two-headed ogre
  6398 | D:10     | Reached skill level 1 in Necromancy
  6554 | D:10     | Reached *** piety under Sif Muna
  6645 | D:10     | Noticed a four-headed hydra
  6660 | D:10     | Killed a four-headed hydra
  6683 | D:10     | Got a scorched chain mail
  6685 | D:10     | Identified the cursed +1 chain mail of Ru's Hope {rN+} (You took it off a wight on level 10 of the Dungeon)
  7014 | D:11     | Reached XP level 11. HP: 59/76 MP: 13/23
  7083 | D:11     | Found a flickering gateway to a bazaar.
  7092 | Bazaar   | Entered a bazaar
  7099 | Bazaar   | Found Josuofoz's Assorted Antiques.
  7114 | Bazaar   | Found Jeofiasm's Antique Weapon Shoppe.
  7126 | Bazaar   | Found Tyijusaj's Weapon Emporium.
  7131 | Bazaar   | Found Ysam Neth's Weapon Emporium.
  7172 | Bazaar   | Bought a twisted bronze ring for 135 gold pieces
  7482 | D:11     | Noticed a two-headed ogre
  7492 | D:11     | Killed a two-headed ogre
  7639 | D:11     | Noticed a two-headed ogre
  7652 | D:11     | Killed a two-headed ogre
  7725 | D:11     | Found a staircase to the Orcish Mines.
  7762 | D:11     | Found a roughly hewn altar of Beogh.
  7762 | D:11     | Noticed an orc knight
  7769 | D:11     | Killed an orc knight
  7769 | D:11     | Reached **** piety under Sif Muna
  8103 | D:12     | Found a glowing golden altar of the Shining One.
  8156 | D:12     | Noticed an unseen horror
  8159 | D:12     | Killed an unseen horror
  8189 | D:12     | Found Xom Usia's Magic Scroll Emporium.
  8192 | D:12     | Noticed a brown ugly thing
  8225 | D:12     | Killed a brown ugly thing
  8225 | D:12     | Reached skill level 5 in Necromancy
  8370 | D:12     | Bought a scroll of blinking for 105 gold pieces
  8486 | D:12     | Noticed a two-headed ogre
  8545 | D:12     | Reached XP level 12. HP: 60/85 MP: 0/25
  8642 | D:12     | Killed a two-headed ogre
  9075 | D:13     | Reached skill level 5 in Fighting
  9129 | D:13     | Reached skill level 5 in Invocations
  9285 | D:13     | Noticed a centaur warrior
  9313 | D:13     | Killed a centaur warrior
  9471 | D:13     | Reached ***** piety under Sif Muna
  9732 | D:14     | Noticed a centaur warrior
  9921 | D:14     | Noticed a tengu warrior
  9927 | D:14     | Found a portal to a secret trove of treasure.
  9947 | D:14     | Identified Vusishipt's Papyrus of Air and Snow (Sif Muna gifted it to you on level 14 of the Dungeon)
  9947 | D:14     | Received a gift from Sif Muna
  9979 | D:14     | Killed a tengu warrior
 10230 | D:14     | Killed a centaur warrior
 10230 | D:14     | Reached skill level 5 in Dodging
 10448 | D:15     | Entered Level 15 of the Dungeon
 10549 | D:15     | Noticed a two-headed ogre
 10549 | D:15     | Noticed a death knight
 10684 | D:15     | Killed a two-headed ogre
 10684 | D:15     | Gained mutation: You are in touch with the powers of death. [Mummy growth]
 10684 | D:15     | Reached XP level 13. HP: 37/93 MP: 8/26
 11038 | D:15     | Reached skill level 5 in Armour
 11038 | D:15     | Reached skill level 10 in Spellcasting
 11074 | D:15     | Reached skill level 10 in Fire Magic
 11591 | D:15     | Found Sietunuf's Armour Shoppe.
 11598 | D:15     | Reached skill level 10 in Conjurations
 12028 | D:15     | Found a staircase to the Depths.
 12419 | D:10     | Killed Snorg
 12420 | D:10     | Noticed Erolcha
 12589 | D:10     | Found a staircase to the Lair.
 12634 | D:10     | Killed Erolcha
 12756 | D:10     | Noticed Fannar
 12760 | D:10     | Killed Fannar
 12941 | Orc:1    | Entered Level 1 of the Orcish Mines
 12945 | Orc:1    | Found Dirraef's Assorted Antiques.
 13098 | Orc:2    | Entered Level 2 of the Orcish Mines
 13191 | Orc:2    | Found a dark tunnel.
 13199 | Volcano  | Entered a volcano
 13343 | Orc:2    | Identified Sif Muna's Handbook of Attacks (Sif Muna gifted it to you on level 2 of the Orcish Mines)
 13343 | Orc:2    | Received a gift from Sif Muna
 13374 | Orc:2    | Learned a level 6 spell: Bolt of Fire
 13445 | Orc:2    | Found a staircase to the Elven Halls.
 13541 | Orc:2    | Noticed a stone giant
 13768 | Orc:2    | Killed a stone giant
 13768 | Orc:2    | Reached XP level 14. HP: 76/100 MP: 1/28
 14060 | Orc:2    | Found Weutseot's Distillery.
 14514 | Orc:2    | Found Waus's Jewellery Emporium.
 14514 | Orc:2    | Found Ariut's Gadget Shop.
 14516 | Orc:2    | Found Namielud's Antique Weapon Emporium.
 14516 | Orc:2    | Found Vakoquzika's Weapon Shop.
 14522 | Orc:2    | Bought an uncursed ring of magical power for 200 gold pieces
 14645 | D:10     | Noticed Nergalle
 14651 | D:10     | Killed Nergalle
 14666 | Lair:1   | Entered Level 1 of the Lair of Beasts
 14713 | Lair:1   | Got an encrusted flail
 14714 | Lair:1   | Identified the +5 flail "Novelo" {speed, Int+3} (You found it on level 1 of the Lair of Beasts)
 16078 | Lair:3   | Found a staircase to the Swamp.
 16250 | Lair:4   | Found a labyrinth entrance.
 16363 | Lab      | Entered a labyrinth
 16472 | Lab      | Got a faintly glowing scale mail
 16487 | Lair:4   | Identified the +3 scale mail of Raeqegro {rElec rF+ Str+4 Slay+2} (You found it in a labyrinth)
 16540 | Lair:4   | Found a hole to the Spider Nest.
 16548 | Lair:4   | Identified Vyogov's Almanac of the Escort and the Compass (Sif Muna gifted it to you on level 4 of the Lair of Beasts)
 16548 | Lair:4   | Received a gift from Sif Muna
 17089 | Lair:5   | Reached XP level 15. HP: 52/105 MP: 13/31
 17090 | Lair:5   | Noticed Uberwunderbarhen's ghost (journeyman TrMo)
 17652 | Lair:6   | Entered Level 6 of the Lair of Beasts
 18313 | Lair:6   | Found a viscous altar of Jiyva.
 18313 | Lair:6   | Found a staircase to the Slime Pits.
 18342 | Lair:6   | Noticed Josephine
 18349 | Lair:6   | Killed Josephine
 18374 | Lair:6   | Received a gift from Sif Muna
 18389 | Lair:6   | Found a glowing golden altar of the Shining One.
 18401 | Lair:6   | Learned a level 2 spell: Blink
 18852 | Spider:1 | Entered Level 1 of the Spider Nest
 18859 | Spider:1 | RIP
 18862 | Lair:4   | Slain by a wolf spider

Vault maps used:
D:1:      zelgadis_glass_arrival_large
D:2:      cheibrodos_old_hovel, nicolae_gozag_seed_capital,
          chequers_ecumenical_altar_simple, uniq_robin, uniq_sigmund
D:3:      okawaru_altar_gauntlet_db, first_ration
D:4:      cheibriados_altar_1, dancing_weapons_uskayaw, temple_doors_e,
          serial_shops, shop
D:5:      cheibrodos_thug_alley, nicolae_overflow_crystal_walls
D:7:      gammafunk_temple_overflow_wave, lemuel_doored_altar,
          nicolae_ashenzari_panopticon, tgw_sif,
          gammafunk_temple_overflow_elements, uniq_joseph
D:9:      kiku_gazebo_garden_becter, serial_shops, shop_fountains,
          uniq_prince_ribbit1
D:10:     grunt_lair_entry_orc_guard_hut, serial_undead, serial_undead_f,
          serial_undead_c, serial_undead_c, serial_undead_d, serial_undead_e,
          serial_undead_e, serial_undead_a, uniq_erolcha, uniq_fannar,
          uniq_nergalle, uniq_snorg
D:11:     orc_0_dummy, special_room, serial_shops, freezing_bzr
D:12:     serial_shops, shop, basic_altar, grunt_ogre_cave
D:13:     hangedman_decor_opposing
D:14:     grunt_vaults_entry_fortified, enter_trove_3, nicolae_two_hexagons
D:15:     gammafunk_depths_entry_grave, serial_shops, nicolae_shop_crystal
Lair:2:   st_stairs_10, wad_woods_road_03, zaba_antful_of_joy,
          grunt_megastairs_3
Lair:3:   swamp_mist_pool, grunt_megastairs_4
Lair:4:   spider_nest_entry_rubble, lab_entry_generic, kennysheep_rathole
Lair:5:   lemuel_fruit_tree, grunt_megastairs_1
Lair:6:   hangedman_lair_caniforms_friends, dpeg_slime_entry_enclosed_altar,
          basic_altar, st_stairs_4, serial_bayou_pond_e, uniq_josephine
Spider:1: hangedman_spider_mandibles
Orc:1:    orc_temple, serial_shops, shop, mines5_lemuel
Orc:2:    grunt_orc_tribal_feast, serial_shops, shop,
          nicolae_volcano_entry_s_turn
Lab:      labyrinth_mini_lab, nicolae_lab_arrow, nicolae_lab_x,
          nicolae_lab_swirl, nicolae_lab_hexagon
Bazaar:   bazaar_kb_twisted_cavern
Volcano:  volcano_overflow

Skill      XL: |  1  2  3  4  5  6  7  8  9 10 11 12 13 14 15 |
---------------+----------------------------------------------+-----
Conjurations   | 1 2 3 4 6 7 8 9 10 12 13 | 13.1
Spellcasting   | 3 4 5 6 7 8 9 10 12 13 | 13.2
Fire Magic     | 3 4 5 6 7 8 9 10 11 | 11.0
Invocations    | 1 2 3 4 5 6 8 9 |  9.5
Fighting       | 2 3 4 5 6 |  6.0
Armour         | 2 3 4 5 6 |  6.0
Dodging        | 2 3 4 5 6 |  6.0
Necromancy     | 3 5 6 |  6.0
Stealth        | |  1.5

Action                   |  1- 3 |  4- 6 |  7- 9 | 10-12 | 13-15 || total
-------------------------+-------+-------+-------+-------+-------++-------
Melee: Glaive            |    15 |    17 |       |       |     6 ||    38
       Quarterstaff      |       |    11 |    93 |   189 |   537 ||   830
       Staff             |       |       |       |     1 |    11 ||    12
 Cast: Flame Tongue      |    40 |    53 |    82 |    54 |    26 ||   255
       Sticky Flame      |       |     3 |    16 |    43 |    94 ||   156
       Conjure Flame     |       |       |    13 |    44 |    18 ||    75
       Fireball          |       |       |     2 |    75 |   179 ||   256
       Bolt of Fire      |       |       |       |       |    75 ||    75
Invok: Divine Energy     |       |       |     1 |       |       ||     1
       Channel Magic     |       |       |       |    11 |    16 ||    27
Evoke: Wand              |       |       |     2 |     5 |     5 ||    12
  Use: Scroll            |     1 |     5 |     8 |     6 |    10 ||    30
 Stab: Sleeping          |     2 |     1 |     4 |     5 |       ||    12
       Distracted        |       |       |       |       |     2 ||     2
Armor: Robe              |     7 |     8 |    19 |    14 |       ||    48
       Ring mail         |       |       |       |    17 |       ||    17
       Troll leather arm |       |       |       |     9 |   211 ||   220
       Scale mail        |       |       |       |       |    72 ||    72
Dodge: Dodged            |    24 |    30 |    72 |   196 |   638 ||   960

Table legend:
 A = Spawn XP
 B = Non-spawn XP
 C = Spawn XP percentage of total XP
 D = Spawn monster count
 E = Non-spawn monster count
 F = Spawn count percentage of total count
 G = Total turns spent on level
                    A         B        C        D         E        F      G
               +---------+---------+-------+---------+---------+-------+---------
         Total |       0 |  131189 |   0.0 |       0 |     749 |   0.0 | 18862
               +---------+---------+-------+---------+---------+-------+---------
           D:1 |       0 |       8 |   0.0 |       0 |       5 |   0.0 |   344
           D:2 |       0 |      18 |   0.0 |       0 |       7 |   0.0 |   135
           D:3 |       0 |      63 |   0.0 |       0 |      25 |   0.0 |   843
           D:4 |       0 |     688 |   0.0 |       0 |      26 |   0.0 |  1062
           D:5 |       0 |     594 |   0.0 |       0 |      37 |   0.0 |   856
           D:6 |       0 |     584 |   0.0 |       0 |      12 |   0.0 |   753
           D:7 |       0 |    1084 |   0.0 |       0 |      14 |   0.0 |  1186
           D:8 |       0 |    1608 |   0.0 |       0 |      12 |   0.0 |   436
           D:9 |       0 |    2261 |   0.0 |       0 |      21 |   0.0 |   726
          D:10 |       0 |    8969 |   0.0 |       0 |      44 |   0.0 |  1171
          D:11 |       0 |    6656 |   0.0 |       0 |      67 |   0.0 |   875
          D:12 |       0 |    4993 |   0.0 |       0 |      40 |   0.0 |   970
          D:13 |       0 |    6052 |   0.0 |       0 |      29 |   0.0 |  1094
          D:14 |       0 |    4024 |   0.0 |       0 |      11 |   0.0 |   650
          D:15 |       0 |   21859 |   0.0 |       0 |      63 |   0.0 |  1816
        Lair:1 |       0 |    2780 |   0.0 |       0 |      13 |   0.0 |   429
        Lair:2 |       0 |   10143 |   0.0 |       0 |      56 |   0.0 |   826
        Lair:3 |       0 |    3990 |   0.0 |       0 |      19 |   0.0 |   329
        Lair:4 |       0 |    6559 |   0.0 |       0 |      36 |   0.0 |   629
        Lair:5 |       0 |   13527 |   0.0 |       0 |      44 |   0.0 |   698
        Lair:6 |       0 |   18552 |   0.0 |       0 |      80 |   0.0 |  1165
      Spider:1 |       0 |     840 |   0.0 |       0 |       4 |   0.0 |     8
         Orc:1 |       0 |    1013 |   0.0 |       0 |      15 |   0.0 |   402
         Orc:2 |       0 |   13484 |   0.0 |       0 |      67 |   0.0 |  1137
       Volcano |       0 |     840 |   0.0 |       0 |       2 |   0.0 |   120
               +---------+---------+-------+---------+---------+-------+---------
